 Dungeon Crawl Stone Soup version 0.22-a0-455-ga0624bf (webtiles) character file.

4527 Gorice the Quickloader (level 10, -8/77 HPs)
             Began as a Demonspawn Wanderer on June 5, 2018.
             Killed from afar by Psyche (19 damage)
             ... with a wand of acid (3)
             ... on level 9 of the Dungeon.
             The game lasted 00:36:31 (9398 turns).

Gorice the Quickloader (Demonspawn Wanderer)        Turns: 9398, Time: 00:36:32

Health: -8/77      AC: 10    Str: 16    XL:     10   Next: 17%
Magic:  10/10      EV: 20    Int: 11    God:
Gold:   605        SH:  0    Dex: 12    Spells: 9/9 levels left

rFire    . . .     SeeInvis .   b - +3 hand crossbow
rCold    + . .     Gourm    .   (no shield)
rNeg     . . .     Faith    .   P - +0 plate armour
rPois    +         Spirit   .   (no helmet)
rElec    +         Reflect  .   (no cloak)
rCorr    .         Harm     .   (no gloves)
MR       .....                  (no boots)
Stlth    ..........             h - amulet "Otosmyqu" {Acrobat rElec rPois Int-3}
HPRegen  0.22/turn              (no ring)
MPRegen  0.12/turn              (no ring)

@: lethally poisoned (-8 -> -11), corroded, drained
A: hooves 2, yellow scales 1, cold resistance 1, demonic guardian 2, freezing
cloud immunity
a: no special abilities


You were on level 9 of the Dungeon.
You were not hungry.

You visited 2 branches of the dungeon, and saw 10 of its levels.
You also visited: Sewer.

You collected 605 gold pieces.

Inventory:

Hand Weapons
 a - a +2 short sword of protection
   (You took it off a kobold on level 2 of the Dungeon)
 b - a +3 hand crossbow (weapon)
 e - a +0 spear
 g - a +0 falchion
 n - a +0 mace
 v - a +0 blowgun
 x - a +0 trident
 A - a cursed -1 broad axe
 G - a +1 flail of crushing
   (You took it off a gnoll on level 6 of the Dungeon)
 H - a +0 bardiche
 L - a cursed -2 hand axe
Missiles
 k - 27 sling bullets
 r - 79 bolts (quivered)
 s - 10 tomahawks
 Y - 272 stones
Armour
 c - a +0 ring mail
 p - a +0 scale mail
 t - a +1 chain mail
 M - +0 steam dragon scales
 P - a +0 plate armour (worn)
Jewellery
 h - the amulet "Otosmyqu" (around neck) {Acrobat rElec rPois Int-3}
   (You found it on level 4 of the Dungeon)

   [amulet of the acrobat]

   It helps you evade while moving and waiting.
   It affects your intelligence (-3).
   It insulates you from electricity.
   It protects you from poison.
 m - an uncursed amulet of guardian spirit {unknown}
Wands
 i - a wand of paralysis (15)
 D - a wand of flame (22)
 K - a wand of acid (8)
Scrolls
 d - 2 scrolls of enchant weapon
 w - 7 scrolls of teleportation {!r}
 y - 4 scrolls of magic mapping {!r}
 C - 3 scrolls of amnesia
 E - 5 scrolls of remove curse
 F - 2 scrolls of enchant armour
 Q - a scroll of identify
Potions
 j - 2 potions of lignification {!q}
 l - 6 potions of heal wounds {!q}
 o - 3 potions of curing
 q - a potion of resistance {!q}
 u - 3 potions of might {!q}
 z - 3 potions of brilliance {!q}
 B - 2 potions of mutation {!q}
 I - 2 potions of invisibility {unknown}
 N - a potion of haste {unknown}
Miscellaneous
 J - a phial of floods
Comestibles
 f - 22 rations
 O - 8 chunks of flesh


   Skills:
 + Level 6.6(6.3) Fighting
 - Level 10.7(10.4) Crossbows
 - Level 1.7(1.5) Throwing
 + Level 5.9(5.6) Armour
   Level 2.0(1.7) Conjurations
   Level 3.2(3.0) Necromancy


You had 9 spell levels left.
You didn't know any spells.
Your spell library contained the following spells:

 Spells                   Type           Power        Failure   Level  Hunger
 Sting                    Conj/Pois      #...         100%        1    ##.....
 Stone Arrow              Conj/Erth      #.....       100%        3    ####...


Dungeon Overview and Level Annotations

Branches:
Dungeon (9/15)             Temple (1/1) D:5            Lair (0/6) D:8
    Orc: D:9-12

Altars:
Ashenzari
Cheibriados
Dithmenos
Fedhas
Gozag
Hepliaklqana
Makhleb
Qazlal
Ru
Sif Muna
Trog
Uskayaw
Vehumet
Wu Jian
Xom
Yredelemnul
Zin

Annotations:
D:9 Psyche


Innate Abilities, Weirdness & Mutations

You have hoof-like feet.
You are partially covered in yellow scales. (AC +2)
Your flesh is cold resistant. (rC+)
A demonic guardian rushes to your aid.
You are immune to freezing clouds.


Message History

* * * LOW HITPOINT WARNING * * *
You are splashed with acid!
The acid burns!
* * * LOW HITPOINT WARNING * * *
Damage: 57 (max 57) Evoke which item? (* to show all) (? for menu, Esc to quit)
Aiming: Paralyse
Press: ? - help, Shift-Dir - straight line, f/p - Psyche
Aim: Psyche, wielding a dagger of chaos, wearing a runed robe and carrying a wand of acid (3) (fast, chance to defeat MR: 46%) Psyche resists with almost no effort.
Psyche gestures at you while chanting. The puff of flame hits you!
* * * LOW HITPOINT WARNING * * *
Damage: 8 (max 57) Unknown command.
Psyche hits you but does no damage.
You feel drained.
Your orange demon stings Psyche from afar!
Psyche hits you but does no damage.
Your orange demon stings Psyche from afar!
Psyche looks as sick as possible!
Your orange demon poisons Psyche!
An iguana comes into view.
Your orange demon disappears in a puff of smoke!
Psyche hits you but does no damage.
You are poisoned.
Psyche misses you.
Evoke which item? (* to show all) (? for menu, Esc to quit)
Aiming: Paralyse
Press: ? - help, Shift-Dir - straight line, f/p - Psyche
Aim: Psyche, wielding a dagger of chaos, wearing a runed robe and carrying a wand of acid (3) (heavily wounded, fast, poisoned, chance to defeat MR: 46%)
Okay, then.
Evoke which item? (* to show all) (? for menu, Esc to quit)
Aiming: Paralyse
Press: ? - help, Shift-Dir - straight line, f/p - Psyche
Aim: Psyche, wielding a dagger of chaos, wearing a runed robe and carrying a wand of acid (3) (heavily wounded, fast, poisoned, chance to defeat MR: 46%) Psyche resists with almost no effort.
You feel sick. Psyche hits you with a dagger of chaos.
* * * LOW HITPOINT WARNING * * *
The two-headed ogre closely misses your orange demon.
The two-headed ogre barely misses your orange demon.
Psyche hits you but does no damage.
Your orange demon stings Psyche from afar!
Damage: 2 (max 57)
You feel sick.
Psyche hits your soul eater but does no damage.
Lightning courses through your soul eater!
The two-headed ogre barely misses your orange demon.
The two-headed ogre hits your orange demon with a giant spiked club.
Psyche zaps a wand.
The bolt of acid hits your soul eater.
Your soul eater is splashed with acid.
The acid corrodes your soul eater! The bolt of acid hits you!
You die...

###...# ### ......### ..##
........###### #..# #
.............## #..# ####
......######..# #..# ###.##
#...........#.# ##..# ##.4...
#..##..####.#.### ##...# ##O(##..
#######.###.#...###..(####..####.
##.##.##..@3@.4O.#...## #.
#..#.####......l.§l.# #. ####..
##.....##.### #. ##. #..#######
#@ . #..# #.... .. #..# ....)
#..# ...... ..## ...... ..#
...[$.


You could see a two-headed ogre, Psyche, an iguana, a friendly soul eater and a
friendly orange demon.

Vanquished Creatures
  Prince Ribbit (D:8)
  A hippogriff (D:8)
  2 wyverns (D:8)
  A basilisk (D:8)
  A black bear (D:8)
  An orc warrior (D:9)
  A sky beast (D:8)
  An ogre (D:4)
  A phantom (D:7)
  4 centaurs
  2 crocodiles (D:8)
  3 bullfrogs
  2 scorpions
  4 howler monkeys
  3 crimson imps
  5 hounds
  An orc priest (D:5)
  2 iguanas
  2 worker ants
  An orc wizard (D:9)
  2 killer bee zombies
  2 hound skeletons (D:5)
  9 adders
  4 gnolls (D:6)
  2 river rats (D:3)
  A shadow imp (D:3)
  An adder skeleton (D:4)
  4 worms
  A dart slug (D:1)
  4 leopard geckos
  14 orcs
  7 ball pythons
  3 giant cockroaches
  12 goblins
  5 hobgoblins
  12 jackals
  2 quokkas
  9 bats
  10 frilled lizards
  A jackal zombie (D:6)
  20 kobolds
  A leopard gecko zombie (D:7)
  A quokka skeleton (D:6)
  12 rats
  A plant (Sewer)
179 creatures vanquished.

Vanquished Creatures (collateral kills)
  A two-headed ogre (D:8)
  The ghost of Karim the Magician, a novice GnAE of Ru (D:7)
  A steam dragon (D:8)
  An ice beast (D:7)
  5 ogres
  2 big kobolds
  A scorpion (D:4)
  An orc (D:5)
  A giant cockroach (D:8)
  2 kobolds
  A quokka (D:8)
17 creatures vanquished.

Vanquished Creatures (others)
  An orc wizard (D:5)
1 creature vanquished.

Grand Total: 197 creatures vanquished

Notes
Turn   | Place    | Note
-------+----------+-------------------------------------------
     0 | D:1      | Gorice the Demonspawn Wanderer began the quest for the Orb.
     0 | D:1      | Gorice set off with: a +2 hand crossbow, 23 bolts, a +0 ring mail, a ration
     0 | D:1      | Reached XP level 1. HP: 15/15 MP: 1/1
    27 | D:1      | Reached skill level 2 in Crossbows
    36 | D:1      | Gained mutation: You have large cloven feet. [demonic ancestry]
    36 | D:1      | Reached XP level 2. HP: 15/21 MP: 2/2
   294 | D:1      | Reached skill level 3 in Crossbows
   443 | D:1      | Gained mutation: A weak demonic guardian rushes to your aid. [demonic ancestry]
   443 | D:1      | Reached XP level 3. HP: 26/26 MP: 3/3
   676 | D:2      | HP: 7/26 [poisoned by an adder]
   676 | D:2      | HP: 3/26 [adder (4)]
   683 | D:2      | HP: 2/39 [poisoned by an adder]
   691 | D:2      | HP: 1/39 [poisoned by an adder]
  1223 | D:2      | Gained mutation: Your flesh is cold resistant. (rC+) [demonic ancestry]
  1223 | D:2      | Reached XP level 4. HP: 32/32 MP: 4/4
  1266 | D:2      | Reached skill level 4 in Crossbows
  2140 | D:3      | Gained mutation: You have hoof-like feet. [demonic ancestry]
  2140 | D:3      | Reached XP level 5. HP: 19/37 MP: 5/5
  2147 | D:3      | HP: 9/37 [worm (5)]
  2155 | D:3      | Reached skill level 5 in Crossbows
  2187 | D:3      | Found a glowing drain.
  2298 | Sewer    | Entered a sewer
  3555 | D:4      | Got a fine ivory amulet
  3566 | D:4      | Identified the amulet "Otosmyqu" {Acrobat rElec rPois Int-3} (You found it on level 4 of the Dungeon)
  3697 | D:4      | Noticed an ogre
  3702 | D:4      | Killed an ogre
  3737 | D:4      | Reached XP level 6. HP: 38/43 MP: 6/6
  3831 | D:4      | Reached skill level 6 in Crossbows
  3889 | D:4      | Reached skill level 7 in Crossbows
  3889 | D:4      | Gained mutation: You are immune to freezing clouds. [demonic ancestry]
  3889 | D:4      | Reached XP level 7. HP: 48/48 MP: 7/7
  3951 | D:4      | Found a shimmering altar of Xom.
  4073 | D:4      | Found a shadowy altar of Dithmenos.
  4395 | D:5      | Entered Level 5 of the Dungeon
  4584 | D:5      | Reached skill level 8 in Crossbows
  5122 | D:5      | Found a burning altar of Makhleb.
  5136 | D:5      | Gained mutation: You are partially covered in yellow scales. (AC +2) [demonic ancestry]
  5136 | D:5      | Reached XP level 8. HP: 54/54 MP: 8/8
  5301 | D:5      | Found a staircase to the Ecumenical Temple.
  5308 | Temple   | Entered the Ecumenical Temple
  5556 | D:5      | Reached skill level 9 in Crossbows
  7099 | D:7      | Noticed Karim's ghost (novice GnAE)
  7118 | D:7      | HP: 13/54 [Karim's ghost/the air (18)]
  7123 | D:7      | Killed Karim's ghost
  7123 | D:7      | Reached skill level 10 in Crossbows
  7316 | D:7      | Reached XP level 9. HP: 36/59 MP: 9/9
  7374 | D:7      | Reached skill level 1 in Armour
  7416 | D:7      | Found a snail-covered altar of Cheibriados.
  7447 | D:7      | Reached skill level 2 in Fighting
  7548 | D:7      | Reached skill level 2 in Armour
  7671 | D:8      | Noticed a two-headed ogre
  7687 | D:8      | Killed a two-headed ogre
  7687 | D:8      | Reached skill level 4 in Fighting
  7687 | D:8      | Reached skill level 3 in Armour
  7836 | D:8      | Found a blossoming altar of Fedhas.
  7895 | D:8      | Noticed Prince Ribbit
  7962 | D:8      | Reached skill level 4 in Armour
  7981 | D:8      | HP: 20/67 [bullfrog[a centaur] (4)]
  7985 | D:8      | Reached skill level 5 in Fighting
  8159 | D:8      | Reached skill level 5 in Armour
  8446 | D:8      | HP: 19/69 [wyvern (4)]
  8447 | D:8      | Reached skill level 6 in Fighting
  8447 | D:8      | Gained mutation: A demonic guardian rushes to your aid. [demonic ancestry]
  8447 | D:8      | Reached XP level 10. HP: 15/76 MP: 10/10
  8449 | D:8      | HP: 7/76 [crocodile (9)]
  8783 | D:8      | Found a staircase to the Lair.
  9021 | D:8      | Killed Prince Ribbit
  9158 | D:8      | Found a hide-covered altar of Uskayaw.
  9158 | D:8      | Found a deep blue altar of Sif Muna.
  9323 | D:9      | Found a sacrificial altar of Ru.
  9375 | D:9      | Noticed Psyche
  9375 | D:9      | Noticed a two-headed ogre
  9390 | D:9      | HP: 20/77 [acid (15)]
  9397 | D:9      | HP: 12/77 [poisoned by Psyche]
  9398 | D:9      | Killed from afar by Psyche

Vault maps used:
D:1:      lightli_iron_boxes
D:3:      wad_pebble_path, first_ration, portal_sewer_entry_e
D:4:      kennysheep_six_static_rooms, lemuel_round_altar, kennysheep_mini_moat
D:5:      minmay_temple_entry_enclosed_plants, bloody_makhleb
D:6:      minmay_hedge_maze
D:7:      basic_altar
D:8:      gammafunk_temple_overflow_wave, kennysheep_mini, erik_lair_dragon,
          uniq_prince_ribbit1
D:9:      minmay_overflow_temple_hex, basic_altar, uniq_psyche
Temple:   minmay_temple_curvy_loop
Sewer:    sewer_co_scattered_pipes

Skill      XL: |  1  2  3  4  5  6  7  8  9 |
---------------+----------------------------+-----
Crossbows      | 2 3 4 5 7 8 10 | 10.7
Armour         | 5 |  5.9
Fighting       | 6 |  6.6
Throwing       | |  1.7
Conjurations   | |  2.0
Necromancy     | |  3.2

Action                   |  1- 3 |  4- 6 |  7- 9 | 10-12 || total
-------------------------+-------+-------+-------+-------++-------
Melee: Short sword       |       |    94 |   143 |    28 ||   265
       Kick              |       |    14 |    31 |     9 ||    54
 Fire: Hand crossbow     |    98 |   104 |   237 |    15 ||   454
Throw: Tomahawk          |       |       |       |     1 ||     1
Evoke: Wand              |       |       |       |     2 ||     2
  Use: Scroll            |     4 |    10 |     5 |       ||    19
       Potion            |     1 |       |       |       ||     1
  Eat: Chunk             |     1 |     9 |    14 |     3 ||    27
Armor: Ring mail         |    24 |    43 |       |       ||    67
       Chain mail        |       |     5 |   180 |    27 ||   212
       Plate armour      |       |       |       |     4 ||     4
Dodge: Dodged            |    20 |    45 |    83 |    12 ||   160

Table legend:
 A = Spawn XP
 B = Non-spawn XP
 C = Spawn XP percentage of total XP
 D = Spawn monster count
 E = Non-spawn monster count
 F = Spawn count percentage of total count
 G = Total turns spent on level
                    A         B        C        D         E        F      G
               +---------+---------+-------+---------+---------+-------+---------
         Total |       0 |    6468 |   0.0 |       0 |     196 |   0.0 |  9398
               +---------+---------+-------+---------+---------+-------+---------
           D:1 |       0 |      45 |   0.0 |       0 |      29 |   0.0 |   572
           D:2 |       0 |      95 |   0.0 |       0 |      27 |   0.0 |  1223
           D:3 |       0 |     108 |   0.0 |       0 |      21 |   0.0 |   865
           D:4 |       0 |     679 |   0.0 |       0 |      18 |   0.0 |  1075
           D:5 |       0 |     813 |   0.0 |       0 |      24 |   0.0 |  1280
           D:6 |       0 |     144 |   0.0 |       0 |       8 |   0.0 |   765
           D:7 |       0 |    1291 |   0.0 |       0 |      17 |   0.0 |   816
           D:8 |       0 |    2958 |   0.0 |       0 |      23 |   0.0 |  1577
           D:9 |       0 |     290 |   0.0 |       0 |       7 |   0.0 |   200
         Sewer |       0 |      45 |   0.0 |       0 |      22 |   0.0 |   809
               +---------+---------+-------+---------+---------+-------+---------

Table legend:
 A = Turns spent in this place as a percentage of turns spent in the entire game.
 B = Non-inter-level travel turns spent in this place as a percentage of non-inter-level travel turns spent in the entire game.
 C = Inter-level travel turns spent in this place as a percentage of turns spent in this place.
 D = Turns resting spent in this place as a percentage of non-inter-level travel turns spent in this place.
 E = Turns spent auto-exploring this place as a percentage of non-inter-level travel turns spent in this place.
 F = Non-inter-level travel turns spent in this place divided by the number of levels of this place that you've seen.
                   A       B       C       D       E      F
               +-------+-------+-------+-------+-------+----------------------
         Total | 100.0 | 100.0 |   3.6 |  17.7 |  47.6 | 823.8
       Dungeon |  89.1 |  88.9 |   3.7 |  18.9 |  46.6 | 895.6
        Temple |   2.3 |   2.1 |  10.6 |   0.0 |  99.0 | 193.0
         Sewer |   8.6 |   8.9 |   0.0 |   9.6 |  45.7 | 809.0
               +-------+-------+-------+-------+-------+----------------------

Vault maps used:
D:1:      lightli_iron_boxes
D:3:      wad_pebble_path, first_ration, portal_sewer_entry_e
D:4:      kennysheep_six_static_rooms, lemuel_round_altar, kennysheep_mini_moat
D:5:      minmay_temple_entry_enclosed_plants, bloody_makhleb
D:6:      minmay_hedge_maze
D:7:      basic_altar
D:8:      gammafunk_temple_overflow_wave, kennysheep_mini, erik_lair_dragon,
          uniq_prince_ribbit1
D:9:      minmay_overflow_temple_hex, basic_altar, uniq_psyche
Temple:   minmay_temple_curvy_loop
Sewer:    sewer_co_scattered_pipes
